 Dungeon Crawl Stone Soup version 0.19.0-24-gb05acd6 (webtiles) character file.

82 joejoepie the Sneak (level 4, 0/23 HPs)
             Began as a Spriggan Assassin on Nov 21, 2016.
             Slain by an adder (2 damage)
             ... on level 3 of the Dungeon.
             The game lasted 00:17:43 (3592 turns).

joejoepie the Sneak (Spriggan Assassin)             Turns: 3592, Time: 00:17:44

Health: 0/23       AC:  3    Str:  8    XL:     4   Next: 21%
Magic:  14/14      EV: 17    Int: 12    God:
Gold:   155        SH:  0    Dex: 17    Spells: 0 memorised, 3 levels left

rFire  . . .     SeeInvis +     t - staff of energy (curse)
rCold  . . .     Gourm    .     c - +0 robe
rNeg   . . .     Faith    .     (shield currently unavailable)
rPois  .         Spirit   .     (helmet restricted)
rElec  .         Reflect  .     d - +0 cloak
rCorr  .         Harm     .     (gloves unavailable)
MR     .....                    (boots unavailable)
Stlth  ++++......               (no amulet)
                                (no ring)
                                q - ring of magical power

@: lethally poisoned (0 -> -3), very quick
A: unfitting armour, see invisible, herbivore 3, speed 3, slow metabolism 2
a: no special abilities


You were on level 3 of the Dungeon.
You were not hungry.

You visited 1 branch of the dungeon, and saw 3 of its levels.

You collected 155 gold pieces.

Inventory:

Hand Weapons
 a - a +3 dagger
 b - a +0 blowgun
Missiles
 e - 6 poisoned needles
 f - 2 curare-tipped needles
 h - 11 needles of sleeping
 l - 123 stones (quivered)
Armour
 c - a +0 robe (worn)
 d - a +0 cloak (worn)
 r - a +0 helmet
Magical Staves
 t - a cursed staff of energy (weapon)
Jewellery
 q - a ring of magical power (left hand)
Wands
 i - a wand of polymorph (11/24)
Scrolls
 o - a scroll of blinking
Potions
 j - a potion of cure mutation
 k - a potion of lignification
 m - a potion of heal wounds
 n - a potion of resistance
 p - 4 potions of curing {unknown}
 s - a potion of brilliance {unknown}
 u - 2 potions of cancellation {unknown}
Comestibles
 g - a bread ration


   Skills:
 * Level 1.9 Fighting
 + Level 3.0 Short Blades
 + Level 2.3 Throwing
 + Level 1.9 Dodging
 * Level 7.4 Stealth


You had 3 spell levels left.
You didn't know any spells.

Dungeon Overview and Level Annotations

Branches:
Dungeon (3/15)

Altars:


Innate Abilities, Weirdness & Mutations

You are very small and have problems with some larger weapons.
You are too small for most types of armour.
You have supernaturally acute eyesight. (SInv)
You are a herbivore.
You cover ground extremely quickly.
You need consume almost no food.


Message History

You feel sick. The adder bites you.
You closely miss the adder.
The adder is moderately wounded.
The adder bites you. The adder closely misses you.
You barely miss the adder.
The adder is moderately wounded.
The adder bites you.
You closely miss the adder.
The adder is moderately wounded.
The adder bites you.
* * * LOW HITPOINT WARNING * * *
The adder closely misses you.
You hit the adder.
The adder is heavily wounded.
* * * LOW HITPOINT WARNING * * *
You feel sick. The adder closely misses you.
You closely miss the adder.
The adder is heavily wounded.
The adder bites you.
You die...

.# #.# #.# #.. ............ .#
#.#####.####..########.....#..
.###.##..........#............'..
...#........##.....######.....#..
##...........+......).........'..
.#.#.##.######......######.####..
##.#.##.# #......# #.# #..
##.#.##.# #...S..######.# ###
##....#.# #..@..........#
##....#.# ##....#.########
##....#.#####.......#
.#....#.....'.......#
.....†#######.......##########
..>....).....######.##.......#
.....#######.# #.##......!####
.....# #.######.##.......S...
.....# #)....##.#######.#####


You could see an adder.

Vanquished Creatures
  4 worms (D:2)
  A dart slug (D:1)
  4 leopard geckos
  5 orcs (D:3)
  A ball python (D:2)
  3 giant cockroaches (D:3)
  7 goblins
  6 hobgoblins
  6 kobolds
  A quokka (D:2)
  7 bats
  8 frilled lizards
  6 rats
59 creatures vanquished.

Notes
Turn   | Place    | Note
-------+----------+-------------------------------------------
     0 | D:1      | joejoepie the Spriggan Assassin began the quest for the Orb.
     0 | D:1      | Reached XP level 1. HP: 10/10 MP: 2/2
    72 | D:1      | Reached skill level 6 in Stealth
   232 | D:1      | Reached XP level 2. HP: 15/15 MP: 3/3
   654 | D:1      | Reached skill level 7 in Stealth
   895 | D:1      | Reached XP level 3. HP: 18/18 MP: 4/4
  2924 | D:3      | Reached XP level 4. HP: 20/23 MP: 5/5
  3592 | D:3      | Slain by an adder

Skill      XL: |  1  2  3  4 |
---------------+-------------+-----
Stealth        | 6 7 |  7.4
Short Blades   | 3 |  3.0
Fighting       | |  1.9
Throwing       | |  2.3
Dodging        | |  1.9

Action                   |  1- 3 |  4- 6 || total
-------------------------+-------+-------++-------
Melee: Dagger            |   110 |       ||   110
       Staff             |    36 |    64 ||   100
 Fire: Blowgun           |    16 |       ||    16
  Use: Scroll            |     9 |     2 ||    11
       Potion            |     1 |       ||     1
 Stab: Sleeping          |    16 |     4 ||    20
Armor: Robe              |    20 |     6 ||    26
Dodge: Dodged            |    96 |    53 ||   149
